Map: Blueshift LE

Players

Grimreaper - Winner!

  • Race: Protoss Protoss
  • Spawn Location: 1:00

VOD

Have the link to the VOD?

Description

Time

  • Played on: Jan. 19, 2019, 5:30 p.m.
  • Length: 12:36
Show
View Real Time Build Order
Export as new Build Order

Grimreaper Protoss - Winner!

Build Orders:  

Get SALT Encoding   

  1  0:00  Probe (Chrono Boost)  
  12  0:09  Probe (Chrono Boost)  
  14  0:27  Pylon  
  14  0:35  Probe (Chrono Boost)  
  15  0:54  Probe (Chrono Boost)  
  15  0:59  Gateway  
  17  1:11  Probe (Chrono Boost)  
  17  1:25  Gateway  
  17  1:39  Probe (Chrono Boost)  
  18  2:07  Nexus  
  18  2:08  Probe (Chrono Boost)  
  19  2:20  Probe (Chrono Boost)  
  20  2:33  Probe (Chrono Boost)  
  20  2:36  Cybernetics Core  
  22  2:50  Probe (Chrono Boost)  
  22  3:00  Pylon  
  22  3:07  Probe (Chrono Boost)  
  23  3:10  Pylon  
  23  3:16  Assimilator  
  23  3:23  Probe (Chrono Boost)  
  23  3:25  Zealot x2  
  28  3:35  Probe (Chrono Boost)  
  29  3:42  Pylon  
  29  3:47  Probe (Chrono Boost)  
  30  3:53  Probe (Chrono Boost)  
  32  4:10  Probe (Chrono Boost)  
  32  4:27  Probe (Chrono Boost)  
  32  4:28  Zealot  
  32  4:29  Zealot  
  37  4:36  Probe (Chrono Boost)  
  38  4:44  Probe (Chrono Boost)  
  38  4:46  Assimilator  
  39  4:53  Probe (Chrono Boost)  
  39  4:55  Forge  
  41  5:01  Probe (Chrono Boost)  
  41  5:06  Zealot  
  41  5:07  Zealot  
  46  5:10  Probe (Chrono Boost)  
  46  5:18  Probe (Chrono Boost)  
  47  5:27  Probe (Chrono Boost)  
  48  5:44  Stalker, Probe x2 (Chrono Boost)  
  48  5:45  Stalker  
  56  6:01  Probe x2 (Chrono Boost)  
  56  6:02  Warp Gate  
  56  6:16  Twilight Council  
  60  6:32  Assimilator  
  60  6:38  Assimilator  
  60  6:43  Pylon  
  61  7:00  Probe (Chrono Boost)  
  61  7:03  Probe (Chrono Boost)  
  61  7:04  Unknown  
  61  7:05  Unknown  
  64  7:16  Protoss Ground Weapons Level 1  
  64  7:17  Probe (Chrono Boost)  
  64  7:20  Probe (Chrono Boost)  
  64  7:34  Probe (Chrono Boost)  
  64  7:37  Probe (Chrono Boost)  
  66  7:47  Gateway  
  66  7:50  Gateway  
  66  7:53  Gateway  
  66  7:54  Gateway  
  66  7:57  Gateway  
  66  8:08  Robotics Facility  
  66  8:11  Stargate  
  66  8:22  Zealot x2  
  70  8:34  Forge  
  70  8:35  Forge  
  70  8:55  Charge  
  70  9:01  Pylon  
  70  9:07  Pylon  
  70  9:12  Pylon  
  70  9:32  Adept  
  70  9:33  Adept x2  
  70  9:35  Stalker x3  
  70  9:36  Stalker  
  84  9:44  Nexus  
  76  11:44  Pylon  
  76  11:58  Probe (Chrono Boost)  
  78  12:02  Probe (Chrono Boost)  
  82  12:15  Probe (Chrono Boost)  
  82  12:18  Stalker, Probe (Chrono Boost)  
  82  12:19  Stalker x4  
  94  12:20  Stalker x2  
  100  12:36  Unknown  
Tags
 
Matchup
Co-op
Replay Pack
Multiplayer
Add a new tag
Caveats
  • Supply blocks, unpowered buildings, or Contaminate may cause inaccurate times.
  • Supply counts are checked every 10 seconds.